 Dungeon Crawl Stone Soup version 0.21-a0-143-g1ab7d47 (webtiles) character file.

45 incorrectman the Skirmisher (level 3, -2/30 HPs)
             Began as a Demonspawn Chaos Knight on July 26, 2017.
             Slain by a smoke demon (5 damage)
             ... on level 2 of the Abyss.
             The game lasted 00:05:40 (1006 turns).

incorrectman the Skirmisher (DsCK)                  Turns: 1006, Time: 00:05:43

Health: -2/30      AC:  5    Str: 13    XL:     3   Next: 42%
Magic:  12/12      EV: 11    Int: 13    God:    Xom [......]
Gold:   98         SH:  0    Dex: 12    Spells: 2/2 levels left

rFire    + . .     SeeInvis .   a - +0 short sword (chaos)
rCold    x . .     Gourm    .   (no shield)
rNeg     . . .     Faith    .   b - +2 leather armour
rPois    .         Spirit   .   (no helmet)
rElec    .         Reflect  .   (no cloak)
rCorr    .         Harm     .   (no gloves)
MR       .....                  (no boots)
Stlth    +.........             (no amulet)
HPRegen  0.10/turn              f - ring of magical power
MPRegen  0.13/turn              i - ring of fire

@: hasted, very quick
A: hooves 1
a: Renounce Religion


You were on level 2 of the Abyss.
You worshipped Xom.
You were a very special plaything of Xom.
You were not hungry.

You visited 1 branch of the dungeon, and saw 2 of its levels.
You visited the Abyss 1 time.

You collected 98 gold pieces.

Inventory:

Hand Weapons
 a - a +0 short sword of chaos (weapon)
Armour
 b - a +2 leather armour (worn)
Jewellery
 f - a ring of magical power (left hand)
 i - a ring of fire (right hand)
Scrolls
 e - 2 scrolls of amnesia
 k - a scroll of noise {unknown}
 l - 2 scrolls of recharging
 m - 2 scrolls of identify {unknown}
Potions
 g - 2 potions of cancellation
 j - a potion of ambrosia
 n - a potion of flight {unknown}
Comestibles
 c - a bread ration
 d - 3 royal jellies


   Skills:
 + Level 3.7 Fighting
 + Level 3.2 Short Blades
 + Level 2.0 Armour
 + Level 1.1 Dodging
 + Level 0.2 Stealth


You had 2 spell levels left.
You didn't know any spells.

Dungeon Overview and Level Annotations

Branches:
Dungeon (2/15)

Altars:


Innate Abilities, Weirdness & Mutations

You have large cloven feet.


Message History

The smoke demon roars!
The smoke demon gestures at you. Something smites you!
Ouch! That really hurt!
The smoke demon gestures at you. The sticky flame hits you!
You are covered in liquid flames!
You are covered in liquid flames!
A smoke demon is nearby!
The smoke demon hits you.
* * * LOW HITPOINT WARNING * * *
The smoke demon misses you.
The smoke demon hits you but does no damage.
It was a potion of haste.
You feel yourself speed up.
Xom roars with laughter!
The smoke demon hits you.
* * * LOW HITPOINT WARNING * * *
The smoke demon barely misses you. The smoke demon hits you.
You die...
Xom guffaws!

##..
###.......##.###
.......#...
.#...#
...##.##.###. #
........
#.....#....
###........
#.......
........
###..#.#.#....
..## #.#..###.
.......#.
##.#3#.# .
....### .
#..@.##.#.
#......
##..#.#..# .#.
.# .
##.#.#...##.....
.
..####...#.....
. #.#
##.#.####..
###.# # # ##. .
. . .. .


You could see a smoke demon.

Vanquished Creatures
  An adder (D:2)
  3 worms (D:2)
  A dart slug (D:2)
  A leopard gecko (D:2)
  A giant cockroach (D:1)
  3 goblins
  A hobgoblin (D:2)
  2 jackals (D:2)
  A quokka (D:2)
  4 bats
  2 frilled lizards (D:2)
  A kobold (D:2)
  6 rats
27 creatures vanquished.

Notes
Turn   | Place    | Note
-------+----------+-------------------------------------------
     0 | D:1      | incorrectman the Demonspawn Chaos Knight began the quest for the Orb.
     0 | D:1      | Reached XP level 1. HP: 18/18 MP: 1/1
   152 | D:1      | Reached skill level 1 in Dodging
   258 | D:2      | Gained mutation: You have large cloven feet. [demonic ancestry]
   258 | D:2      | Reached XP level 2. HP: 24/24 MP: 2/2
   542 | D:2      | XOM: harmless Chrm miscast
   678 | D:2      | Reached XP level 3. HP: 29/29 MP: 3/3
   728 | D:2      | XOM: divination: magic mapping
   892 | D:2      | XOM: divination: detect creatures
   892 | D:2      | XOM: butterfly on damage
   904 | D:2      | XOM: medium Tloc miscast
   904 | D:2      | Cast into level 1 of the Abyss (the capriciousness of Xom)
   904 | Abyss:1  | Found a stormy altar of Qazlal.
   916 | Abyss:1  | Found a corrupted altar of Lugonu.
   998 | Abyss:2  | Noticed a smoke demon
  1006 | Abyss:2  | Slain by a smoke demon

Vault maps used:
D:1:      dpeg_chamrin_arrival_tetris
D:2:      lemuel_upstairs_altar, marbit_many_paths, minmay_pentomino_v2

Skill      XL: |  1  2 |
---------------+-------+-----
Dodging        | 1 |  1.1
Short Blades   | 3 |  3.2
Armour         | 2 |  2.0
Fighting       | |  3.7
Stealth        | |  0.2

Action                   || total
-------------------------++-------
Melee: Short sword       ||    77
       Kick              ||     7
  Use: Potion            ||     3
       Scroll            ||     2
 Stab: Sleeping          ||     1
       Petrifying        ||     1
Armor: Leather armour    ||    42
Dodge: Dodged            ||    51
